 Dungeon Crawl Stone Soup version 0.31-a0-232-gb1c03b2570 (webtiles) character file.

Game seed: 4932673270260442470

80 qw the Shooter (level 4, -6/36 HPs)
             Began as a Minotaur Hexslinger on July 6, 2023.
             Mangled by Sigmund
             ... wielding a +0 scythe
              (9 damage)
             ... on level 2 of the Dungeon.
             The game lasted 00:00:33 (1089 turns).

qw the Shooter (Minotaur Hexslinger)                Turns: 1089, Time: 00:00:33

Health: -6/36      AC:  5    Str: 13    XL:     4   Next: 18%
Magic:  4/4        EV: 11    Int: 10    God:
Gold:   37         SH:  0    Dex: 14    Spells: 4/5 levels left

rFire   . . .        i - +4 sling
rCold   . . .        (no shield)
rNeg    . . .        d - +0 ring mail
rPois   .            (helmet restricted)
rElec   .            (no cloak)
rCorr   .            (no gloves)
SInv    .            (no boots)
Will    .....        (no amulet)
Stlth   +            (no ring)
HPRegen 0.26/turn    (no ring)
MPRegen 0.09/turn

%: no passive effects
@: no status effects
A: horns 2, retaliatory headbutt
a: no special abilities


You were on level 2 of the Dungeon.
You visited 1 branch of the dungeon, and saw 2 of its levels.

You collected 37 gold pieces.


Innate Abilities, Weirdness & Mutations

You have a pair of horns on your head.
You reflexively headbutt those who attack you in melee.


   Skills:
 - Level 2.0 Fighting
 + Level 4.3 Ranged Weapons
 - Level 1.5 Armour
 - Level 2.1 Dodging
 - Level 1.0 Spellcasting
 - Level 2.0 Hexes


You had 4 spell levels left.
You knew the following spells:

 Your Spells              Type           Power      Damage    Failure   Level
a - Slow                  Hex            16%        N/A       32%         1

Your spell library contained the following spells:

 Spells                   Type           Power      Damage    Failure   Level
 Inner Flame              Hex/Fire       2%         N/A       82%         3
 Portal Projectile        Hex/Tloc       4%         N/A       82%         3
 Cause Fear               Hex            2%         N/A       97%         4

Inventory:

Hand Weapons
 i - a +4 sling (weapon)
Armour
 d - a +0 ring mail (worn)
Scrolls
 c - a scroll of noise {unknown}
 f - a scroll of enchant armour {unknown}
Potions
 a - a potion of heal wounds {unknown}
 b - a potion of resistance {unknown}
 e - a potion of brilliance {unknown}
 g - a potion of enlightenment {unknown}
 h - a potion of curing

Dungeon Overview and Level Annotations

Branches:
Dungeon (2/15)

Altars:

Annotations:
D:2 Sigmund


Message History

Enter note:
Enter note: You shoot a sling bullet.
The sling bullet barely misses Sigmund.
Sigmund mumbles some strange words.
Sigmund flickers and vanishes!
Deactivating autopickup; reactivate with Ctrl-A.
A magic dart appears from out of thin air!
The magic dart hits you.
You shoot a sling bullet. You shoot a sling bullet. You shoot a sling bullet.
A ball python comes into view.
A magic dart appears from out of thin air!
The magic dart hits you.
You shoot a sling bullet.
The sling bullet closely misses the ball python.
You hear some strange, mumbled words.
Something tries to affect you, but you resist.
You shoot a sling bullet. The sling bullet hits the ball python!
You kill the ball python!
You shoot a sling bullet. Something completely misses you.
You shoot a sling bullet. Something hits you.
You shoot a sling bullet. Something hits you!
You shoot a sling bullet. Something hits you but does no damage.
You shoot a sling bullet. You shoot a sling bullet. Something hits you!
You shoot a sling bullet. Something hits you!
You shoot a sling bullet. Something hits you.
You shoot a sling bullet. Something hits you but does no damage.
You shoot a sling bullet. Something hits you!
You die...

#.######### #
#.#....)..>
#####.######
#.#.#######
.....{.@...# #.#.#
#### #####.####.#
#.#.# #... #
###.###.#.# #.##
#.....#.#.##
#.###)#..#.### # #.
#...###..#.# >
#....#.#.#.##
.......%###........
######.#######.#.##


There were no monsters in sight!

Vanquished Creatures
  3 adders (D:2)
  A dart slug (D:1)
  6 ball pythons
  4 bats
  9 endoplasms
  2 giant cockroaches
  4 goblins
  7 hobgoblins
  2 quokkas (D:2)
  2 frilled lizards
  4 kobolds (D:1)
  A rat (D:1)
45 creatures vanquished.

Notes
Turn   | Place    | Note
-------+----------+-------------------------------------------
     0 | D:1      | qw the Minotaur Hexslinger began the quest for the Orb.
     0 | D:1      | Reached XP level 1. HP: 16/16 MP: 1/1
     0 | D:1      | 0 ||| qw: Version: 0.3-a-46-gb1f654a
     0 | D:1      | 0 ||| qw: Game counter: 2013
     0 | D:1      | 0 ||| qw: Melee chars always use a shield: true
     0 | D:1      | 0 ||| qw: God list: Okawaru
     0 | D:1      | 0 ||| qw: Allow faded altars: false
     0 | D:1      | 0 ||| qw: Do Orc after clearing Dungeon:15 true
     0 | D:1      | 0 ||| qw: Do second Lair branch before Depths: true
     0 | D:1      | 0 ||| qw: Lair rune preference: random
     0 | D:1      | 0 ||| qw: Goals: Normal
     0 | D:1      | 0 ||| PLANNING D:1-11
    69 | D:1      | Reached skill level 3 in Ranged Weapons
    76 | D:1      | Reached XP level 2. HP: 23/23 MP: 2/2
   491 | D:1      | Reached XP level 3. HP: 29/29 MP: 3/3
   756 | D:1      | 756 ||| UPGRADING to +0 ring mail.
   766 | D:1      | 766 ||| DROPPING +0 robe.
   767 | D:1      | 767 ||| READING scroll labelled POHOAV SIALAER.
   768 | D:1      | 768 ||| READING scroll labelled JUSUJI GAST.
   769 | D:1      | 769 ||| DRINKING 2 silvery potions.
   770 | D:1      | 770 ||| DROPPING scroll of poison.
   795 | D:2      | 795 ||| STAIRDANCE
   865 | D:2      | Reached skill level 4 in Ranged Weapons
   937 | D:2      | Reached skill level 1 in Armour
  1021 | D:2      | Reached XP level 4. HP: 29/36 MP: 4/4
  1063 | D:2      | 1063 ||| SWAPPING to +4 sling.
  1064 | D:2      | 1064 ||| DROPPING +1 sling.
  1073 | D:2      | Noticed Sigmund
  1086 | D:2      | HP: 7/36 [something (9)]
  1087 | D:2      | HP: 2/36 [something (5)]
  1089 | D:2      | Mangled by Sigmund

Levels and vault maps discovered:
D:1:      minmay_arrival_glassed_features, layout_loops_ring, patterned_corridor
D:2:      layout_loops_ring, minmay_split_cup_large, uniq_sigmund, uniq_terence

Skill      XL: |  1  2  3 |
---------------+----------+-----
Ranged Weapons | 3 4 |  4.3
Fighting       | 2 |  2.0
Armour         | 1 |  1.5
Dodging        | |  2.1
Spellcasting   | |  1.0
Hexes          | |  2.0

Action                     |  1- 3 |  4- 6 || total
---------------------------+-------+-------++-------
   Fire: Sling             |   127 |    18 ||   145
    Use: Scroll            |     2 |       ||     2
         Potion            |     1 |       ||     1
 Armour: Robe              |     4 |       ||     4
         Ring mail         |    10 |     2 ||    12
  Dodge: Dodged            |    40 |     2 ||    42

Table legend:
 A = Non-vault XP
 B = Vault XP
 C = Vault XP percentage of total XP
 D = Non-vault monster count
 E = Vault monster count
 F = Vault count percentage of total count
                 A         B        C        D         E       F
            +---------+---------+-------+---------+---------+-------
      Total |      96 |      19 |  16.5 |      41 |       4 |   8.9
            +---------+---------+-------+---------+---------+-------
        D:1 |      53 |       0 |   0.0 |      29 |       0 |   0.0
        D:2 |      43 |      19 |  30.6 |      12 |       4 |  25.0
            +---------+---------+-------+---------+---------+-------
